 Dungeon Crawl Stone Soup version 0.26-a0-597-gb535b0901c (webtiles) character file.

Game seed: 1306660648539705560

81 vurker the Gusty (level 4, 19/19 HPs)
             Began as a Felid Air Elementalist on Sept 14, 2020.
             Quit the game on level 3 of the Dungeon.
             The game lasted 00:04:32 (3168 turns).

vurker the Gusty (Felid Air Elementalist)           Turns: 3168, Time: 00:04:32

Health: 19/19      AC:  1    Str:  4    XL:     4   Next: 19%
Magic:  10/10      EV: 18    Int: 17    God:
Gold:   138        SH:  0    Dex: 17    Spells: 5/10 levels left
                                        Lives:  0   Deaths: 1

rFire    . . .     SeeInvis +   (weapon unavailable)
rCold    . . .     Faith    .   (shield unavailable)
rNeg     . . .     Spirit   .   (armour unavailable)
rPois    .         Reflect  .   (helmet unavailable)
rElec    .         Harm     .   (cloak unavailable)
rCorr    .                      (gloves unavailable)
MR       .....                  (boots unavailable)
Stlth    +++.......             (no amulet)
HPRegen  0.06/turn              (no ring)
MPRegen  0.12/turn              (no ring)

@: quick
A: very small, no armour, no weapons or thrown items, stealth, claws 1, fangs 3,
see invisible, speed 1, shaggy fur 1, sharp paws
a: no special abilities


You were on level 3 of the Dungeon.
You visited 1 branch of the dungeon, and saw 3 of its levels.

You collected 138 gold pieces.

Inventory:

Scrolls
 a - 2 scrolls of remove curse {unknown}
 b - a scroll of magic mapping {unknown}
 c - 2 scrolls of teleportation {unknown}
 d - 3 scrolls of identify {unknown}
 h - a scroll of immolation
 j - a scroll of blinking {unknown}
 k - a scroll of random uselessness {unknown}
 m - a scroll of enchant armour {unknown}
Potions
 e - a potion of brilliance {unknown}
 f - a potion of stabbing {unknown}
 g - a potion of invisibility {unknown}
 i - a potion of degeneration {unknown}
 l - a potion of curing {unknown}


   Skills:
 + Level 2.0 Fighting
 - Level 2.6 Dodging
 - Level 2.6 Stealth
 * Level 3.5 Spellcasting
 - Level 0.8 Conjurations
 * Level 4.0 Air Magic


You had 5 spell levels left.
You knew the following spells:

 Your Spells              Type           Power        Failure   Level
a - Shock                 Conj/Air       ##..         6%          1
c - Airstrike             Air            ###.......   32%         4

Your spell library contained the following spells:

 Spells                   Type           Power        Failure   Level
 Swiftness                Air            ###.....     4%          2
 Static Discharge         Conj/Air       ##......     19%         3
 Lightning Bolt           Conj/Air       ##........   86%         5


Dungeon Overview and Level Annotations

Branches:
Dungeon (3/15)

Altars:
Elyvilon
Gozag
Hepliaklqana
Ru
Trog

Annotations:
D:3 1 runed translucent door, Sigmund; zealot1's ghost, novice GnTm


Innate Abilities, Weirdness & Mutations

You cannot wear armour.
You are incapable of wielding weapons or throwing items.
Your paws allow you to move quietly. (Stealth)
You have sharp claws.
You have razor-sharp teeth.
You have supernaturally acute eyesight. (SInv)
You cover ground quickly.
You are covered in fur. (AC +1)
Your sharp claws are effective at attacking unaware monsters.


Message History

Aim: a rat (asleep)
The zap hits the rat.
You kill the rat!
You can't see any susceptible monsters within range! (Use Z to cast anyway.)
You can't see any susceptible monsters within range! (Use Z to cast anyway.) 3 orcs and an orc priest come into view.
The orc shouts! x2
An orc comes into view. It is wielding a +0 flail.
The orc priest shouts!
You hear a shout!
The orc shouts! x2
Found a stone staircase leading up.
There are monsters nearby!
There are monsters nearby!
There are monsters nearby!
Aim: an orc, wielding a +0 mace The zap hits the orc. x3
Sigmund the Dreaded comes into view.
He is wielding a +0 scythe and wearing a +2 robe of fire resistance.
Aim: an orc, wielding a +0 mace (moderately wounded)
The zap hits the orc.
You kill the orc!
Your Fighting skill increases to level 2!
The zap hits Sigmund.
Aim: Sigmund, wielding a +0 scythe and wearing a +2 robe of fire resistance (lightly wounded)
The zap hits Sigmund.
Sigmund points at you and mumbles some strange words.
You easily resist.
Aim: Sigmund, wielding a +0 scythe and wearing a +2 robe of fire resistance (lightly wounded)
The zap hits Sigmund.
Aim: Sigmund, wielding a +0 scythe and wearing a +2 robe of fire resistance (moderately wounded)
The zap hits Sigmund.
Aim: Sigmund, wielding a +0 scythe and wearing a +2 robe of fire resistance (moderately wounded)
The zap hits Sigmund but does no damage.
The orc priest calls down the wrath of Beogh upon you.
Beogh smites you!
Ouch! That really hurt!
* * * LOW HITPOINT WARNING * * *
Sigmund casts a spell at you. The magic dart hits you.
* * * LOW HITPOINT WARNING * * *
The orc priest calls down the wrath of Beogh upon you.
Beogh smites you!
Ouch! That really hurt!
You die...
You hear a shout!
You are now level 4!
You rejoin the land of the living...
Unknown command.
Unknown command.
Saving game... please wait.
Level annotation: 1 runed translucent door, Sigmund; zealot1's ghost, novice GnTm Welcome back, vurker the Felid Air Elementalist.

... ... ...######
..# #......# ##
#.# #.####.####.
#.# #.# #......
#.# ##.## #)#####
#.####...###.###
#@....._.g.g...###
##.###...#####....
#.# ##.## ####.
#.# #.# #####.
#.####)# #.....
#......#####.####
#............# #
#..........### #
#..........######


There were no monsters in sight!

Vanquished Creatures
  A jelly (D:3)
  Robin (D:2)
  3 gnolls (D:3)
  3 adders
  2 worms (D:2)
  A dart slug (D:1)
  3 leopard geckos
  2 orcs (D:3)
  2 giant cockroaches (D:1)
  14 goblins
  8 hobgoblins
  2 jackals (D:3)
  A quokka (D:2)
  2 bats
  3 frilled lizards
  2 kobolds (D:2)
  4 rats
54 creatures vanquished.

Notes
Turn   | Place    | Note
-------+----------+-------------------------------------------
     0 | D:1      | vurker the Felid Air Elementalist began the quest for the
                  | Orb.
     0 | D:1      | Reached XP level 1. HP: 7/7 MP: 4/4
   716 | D:1      | Reached skill level 3 in Air Magic
   716 | D:1      | Reached XP level 2. HP: 12/12 MP: 0/6
  1200 | D:2      | Noticed Robin
  1296 | D:2      | Reached skill level 1 in Fighting
  1296 | D:2      | Reached XP level 3. HP: 15/15 MP: 0/7
  1426 | D:2      | Killed Robin
  2019 | D:2      | Reached XP level 4. HP: 19/19 MP: 7/9
  2276 | D:3      | Learned a level 4 spell: Airstrike
  2339 | D:3      | Found a white marble altar of Elyvilon.
  2442 | D:3      | Found a bloodstained altar of Trog.
  2691 | D:3      | Found an opulent altar of Gozag.
  2701 | D:3      | Found a runed translucent door.
  2703 | D:3      | Noticed zealot1's ghost (novice GnTm)
  2735 | D:3      | Reached XP level 5. HP: 22/22 MP: 4/11
  2901 | D:3      | Reached skill level 4 in Air Magic
  3021 | D:3      | Found a sacrificial altar of Ru.
  3021 | D:3      | Found a hazy altar of Hepliaklqana.
  3147 | D:3      | Noticed Sigmund
  3167 | D:3      | Killed from afar by an orc priest
  3168 | D:3      | Reached XP level 4. HP: -10/19 MP: 7/10
  3168 | D:3      | Quit the game

Illustrated notes

Levels and vault maps discovered:
D:1:      dpeg_arrival_refuge, layout_loops_corners
D:2:      layout_basic, uniq_robin
D:3:      layout_rooms, old_standard_altar,
          chequers_temple_overflow_statue_of_worship,
          nicolae_overflow_crystal_walls, ebering_ghost_inner_flame,
          bloody_trog, uniq_sigmund

Skill      XL: |  1  2  3  4  5 |
---------------+----------------+-----
Air Magic      | 3 4 |  4.0
Fighting       | 1 2 |  2.0
Spellcasting   | 3 |  3.5
Dodging        | |  2.6
Stealth        | |  2.6
Conjurations   | |  0.8

Action                   |  1- 3 |  4- 6 || total
-------------------------+-------+-------++-------
Melee: Unarmed           |    17 |     1 ||    18
       Bite              |     4 |       ||     4
 Cast: Shock             |    92 |    70 ||   162
Armor: Skin              |       |     2 ||     2
Dodge: Dodged            |    28 |    15 ||    43

Table legend: (Time is in decaauts)
 A = Elapsed time spent in this place.
 B = Non-inter-level travel time spent in this place.
 C = Inter-level travel time spent in this place.
 D = Time resting spent in this place.
 E = Time spent auto-exploring this place.
 F = Levels seen in this place.
 G = Mean time per level.
                   A        B        C        D        E       F      G
               +--------+--------+--------+--------+--------+-----+--------+
         Total |   2868 |   2832 |     36 |     53 |   2359 |   3 |  956.0 |
       Dungeon |   2868 |   2832 |     36 |     53 |   2359 |   3 |  956.0 |
               +--------+--------+--------+--------+--------+-----+--------+

Top non-repeatable levels by time:
     D:2: 1158 daAuts
     D:1: 863 daAuts
     D:3: 846 daAuts
